 Dungeon Crawl Stone Soup version 0.30-a0-879-ga8ba668304 (webtiles) character file.

Game seed: 11592892052777151102

470 selver the Stinger (level 6, 0/41 HPs)
             Began as a Demonspawn Venom Mage on Mar 13, 2023.
             Was an Initiate of Vehumet.
             Slain by an ogre
             ... wielding a +0 giant club
              (20 damage)
             ... on level 5 of the Dungeon.
             The game lasted 00:17:00 (4540 turns).

selver the Stinger (Demonspawn Venom Mage)          Turns: 4540, Time: 00:17:00

Health: 0/41       AC:  7    Str:  9    XL:     6   Next: 82%
Magic:  6/9        EV: 11    Int: 18    God:    Vehumet [......]
Gold:   224        SH:  4    Dex: 13    Spells: 2/9 levels left

rFire   . . .      SeeInvis .    h - +0 dagger
rCold   . . .      Faith    .    (no shield)
rNeg    . . .      Spirit   .    e - +0 leather armour
rPois   .          Reflect  .    (helmet restricted)
rElec   .          Rampage  .    (no cloak)
rCorr   .                        (no gloves)
Will    +....                    (no boots)
Stlth   ++                       (no amulet)
HPRegen 0.26/turn                b - ring of wizardry
MPRegen 0.11/turn                i - ring of willpower

@: no status effects
A: antennae 1, icemail 1, condensation shield
a: Renounce Religion


You were on level 5 of the Dungeon.
You worshipped Vehumet.
Vehumet was noncommittal.
You visited 2 branches of the dungeon, and saw 6 of its levels.

You collected 224 gold pieces.

Inventory:

Hand Weapons
 h - a +0 dagger (weapon)
Armour
 e - a +0 leather armour (worn)
Magical Staves
 p - a staff of cold
Jewellery
 b - a ring of wizardry (left hand)
 i - a ring of willpower (right hand)
 n - a ring of see invisible
Wands
 m - a wand of paralysis (5)
 o - a wand of flame (4)
Scrolls
 d - 2 scrolls of noise {unknown}
 f - 5 scrolls of teleportation {unknown}
 g - 2 scrolls of enchant weapon {unknown}
 j - 2 scrolls of vulnerability {unknown}
 s - a scroll of magic mapping {unknown}
Potions
 a - a potion of heal wounds
 c - a potion of invisibility
 k - 2 potions of brilliance
 l - a potion of haste
 q - a potion of cancellation {unknown}
 r - a potion of attraction {unknown}
 t - a potion of magic


   Skills:
 - Level 1.7 Dodging
 - Level 1.7 Stealth
 - Level 2.0 Spellcasting
 - Level 0.8 Transmutations
 + Level 1.2 Air Magic
 * Level 7.6 Poison Magic


You had 2 spell levels left.
You knew the following spells:

 Your Spells              Type           Power      Damage    Failure   Level
a - Sting                 Tmut/Pois      68%        1d6       1%          1
b - Poisonous Vapours     Pois/Air       34%        N/A       2%          2
c - Olgreb's Toxic Radia  Pois           29%        N/A       4%          4

Your spell library contained the following spells:

 Spells                   Type           Power      Damage    Failure   Level
 Freeze                   Ice            4%         1d3       11%         1
 Mephitic Cloud           Conj/Pois/Air  12%        N/A       9%          3
 Frozen Ramparts          Ice            2%         1d1       28%         3
 Hailstorm                Conj/Ice       1%         3d3       28%         3


Dungeon Overview and Level Annotations

Branches:
Dungeon (5/15)             Temple (1/1) D:4

Altars:
Ashenzari
Cheibriados
Dithmenos
Gozag
Makhleb
Okawaru
Sif Muna
Uskayaw
Vehumet
Wu Jian
Xom


Innate Abilities, Weirdness & Mutations

You have a pair of small antennae on your head.
A meltable icy envelope protects you from harm. (AC +4)
A meltable shield of frost defends you. (SH +4)


Message History

You can't see any susceptible monsters within range! (Use Z to cast anyway.)
Casting: Sting (safe; 1% risk of failure)
Confirm with . or Enter, or press ? or * to list all spells.
Aiming: Sting (safe; 1% risk of failure)
Press: ? - help, Shift-Dir - straight line, f - ogre
Aim: an ogre, wielding a +0 giant club (88% to hit)
The sting hits the ogre.
The ogre is poisoned.
The ogre is lightly wounded.
Casting: Sting (safe; 1% risk of failure)
Confirm with . or Enter, or press ? or * to list all spells.
Aiming: Sting (safe; 1% risk of failure)
Press: ? - help, Shift-Dir - straight line, f/p - ogre
Aim: an ogre, wielding a +0 giant club (lightly wounded, poisoned, 88% to hit)
The sting hits the ogre.
The ogre looks even sicker.
The ogre is lightly wounded.
Casting: Sting (safe; 1% risk of failure)
Confirm with . or Enter, or press ? or * to list all spells.
Aiming: Sting (safe; 1% risk of failure)
Press: ? - help, Shift-Dir - straight line, f/p - ogre
Aim: an ogre, wielding a +0 giant club (moderately wounded, very poisoned, 88% to hit)
You miscast Sting.
You are very lightly contaminated with residual magic.
Nothing appears to happen.
You block the ogre's attack.
There is a stone staircase leading up here.
Casting: Sting (safe; 1% risk of failure)
Confirm with . or Enter, or press ? or * to list all spells.
Aiming: Sting (safe; 1% risk of failure)
Press: ? - help, Shift-Dir - straight line, f/p - ogre
Aim: an ogre, wielding a +0 giant club (heavily wounded, poisoned, 88% to hit)
The sting hits the ogre but does no damage.
The ogre looks even sicker.
The ogre is heavily wounded.
Your magical contamination has completely faded away.
Found a falchion.
The ogre attacks as you move away!
The ogre hits you with a +0 giant club!!
Ouch! That really hurt!
The ogre attacks as you move away!
The ogre hits you with a +0 giant club!!
You die...

...................
...)........##.#.
#...........#
###........#
#.......<# #
#....<...##.#
#...........#
######.O..........
.......@....#......
.<...#......#...###
)...###..#...#..#
.... ##...#.#..#
... ###...... .
.#.... .###.[. .#
...


You could see an ogre (very poisoned).

Vanquished Creatures
  A black bear (D:4)
  2 scorpions (D:4)
  2 iguanas (D:4)
  3 gnolls (D:2)
  8 adders
  A worm (D:3)
  7 dart slugs
  7 orcs
  5 endoplasms
  A giant cockroach (D:3)
  8 hobgoblins
  2 jackals (D:2)
  5 kobolds
  3 quokkas
  13 ball pythons
  9 bats
  2 frilled lizards
  6 goblins
  5 rats
90 creatures vanquished.

Notes
Turn   | Place    | Note
-------+----------+-------------------------------------------
     0 | D:1      | selver the Demonspawn Venom Mage began the quest for the
                  | Orb.
     0 | D:1      | Reached XP level 1. HP: 13/13 MP: 3/3
   272 | D:1      | Gained mutation: A meltable shield of frost defends you.
                  | (SH +4) [demonic ancestry]
   272 | D:1      | Reached XP level 2. HP: 19/19 MP: 0/5
   577 | D:1      | Reached skill level 4 in Poison Magic
   677 | D:1      | Learned a level 2 spell: Poisonous Vapours
   857 | D:1      | Reached XP level 3. HP: 24/24 MP: 1/6
  1758 | D:2      | Reached skill level 5 in Poison Magic
  1758 | D:2      | Gained mutation: You have a pair of small antennae on your
                  | head. [demonic ancestry]
  1758 | D:2      | Reached XP level 4. HP: 21/30 MP: 0/7
  2265 | D:3      | Found a hide-covered altar of Uskayaw.
  2523 | D:3      | Gained mutation: A meltable icy envelope protects you from
                  | harm. (AC +4) [demonic ancestry]
  2523 | D:3      | Reached XP level 5. HP: 35/35 MP: 6/8
  3172 | D:3      | Learned a level 4 spell: Olgreb's Toxic Radiance
  3201 | D:4      | Reached skill level 6 in Poison Magic
  3414 | D:4      | Noticed a black bear
  3630 | D:4      | Found a staircase to the Ecumenical Temple.
  3658 | D:4      | Reached XP level 6. HP: 33/41 MP: 2/9
  3664 | D:4      | Reached skill level 7 in Poison Magic
  3665 | Temple   | Entered the Ecumenical Temple
  3750 | Temple   | Became a worshipper of Vehumet
  4259 | D:4      | Reached skill level 1 in Air Magic
  4495 | D:5      | Entered Level 5 of the Dungeon
  4540 | D:5      | Slain by an ogre

Illustrated notes

Levels and vault maps discovered:
D:1:      minmay_arrival_hallway, layout_basic, minmay_fountain_box
D:2:      layout_rooms
D:3:      layout_loops_ring, mainiacjoe_overflow_surrounded_room, st_stairs_10
D:4:      layout_basic, minmay_temple_entry_arrows, serial_bayou_pond_e
D:5:      layout_rooms, mainiacjoe_overflow_paths,
          gammafunk_temple_overflow_wave, mainiacjoe_overflow_alcove_2,
          uniq_prince_ribbit1
Temple:   nicolae_temple_no_exploring_needed

Skill      XL: |  1  2  3  4  5  6 |
---------------+-------------------+-----
Poison Magic   | 4 5 6 7 |  7.6
Air Magic      | 1 |  1.2
Dodging        | |  1.7
Stealth        | |  1.7
Spellcasting   | |  2.0
Transmutations | |  0.8

Action                     |  1- 3 |  4- 6 || total
---------------------------+-------+-------++-------
  Melee: Club              |    14 |       ||    14
         Unarmed           |     3 |       ||     3
         Dagger            |    38 |    90 ||   128
         Punch             |       |     1 ||     1
   Cast: Sting             |    75 |    90 ||   165
         Poisonous Vapours |     3 |     8 ||    11
    Use: Potion            |     1 |       ||     1
         Scroll            |     1 |     3 ||     4
   Stab: Sleeping          |     1 |     3 ||     4
 Armour: Leather armour    |    24 |    20 ||    44
  Dodge: Dodged            |    53 |    64 ||   117
  Block: Other             |    19 |    30 ||    49

Table legend: (Time is in decaauts)
 A = Elapsed time spent in this place.
 B = Non-inter-level travel time spent in this place.
 C = Inter-level travel time spent in this place.
 D = Time resting spent in this place.
 E = Time spent auto-exploring this place.
 F = Levels seen in this place.
 G = Mean time per level.
                   A        B        C        D        E       F      G
               +--------+--------+--------+--------+--------+-----+--------+
         Total |   4546 |   4420 |    126 |   1172 |   2223 |   6 |  757.7 |
       Dungeon |   4455 |   4329 |    126 |   1095 |   2223 |   5 |  891.0 |
        Temple |     91 |     91 |      0 |     77 |      0 |   1 |   91.0 |
               +--------+--------+--------+--------+--------+-----+--------+

Top non-repeatable levels by time:
     D:1: 1320 daAuts
     D:4: 1182 daAuts
     D:3: 968 daAuts
     D:2: 939 daAuts
  Temple: 91 daAuts
     D:5: 44 daAuts
